 Seeded DCSS version 0.29.1-15-g9cfb28693d (webtiles) character file.

Game seed: 9319893146637693751 (custom seed)

751 bmack86 the Cleaver (level 7, 0/57 HPs)
             Began as a Minotaur Fighter on Apr 8, 2024.
             Was an Initiate of Gozag.
             Slain by a gnoll
             ... wielding a +0 halberd
             ... led by a gnoll bouda
              (5 damage)
             ... on level 5 of the Dungeon.
             The game lasted 00:08:33 (5256 turns).

bmack86 the Cleaver (Minotaur Fighter)              Turns: 5256, Time: 00:08:34

Health: 0/57       AC:  0    Str: 22    XL:     7   Next: 49%
Magic:  6/6        EV: 13    Int:  5    God:    Gozag
Gold:   196        SH:  0    Dex: 10    Spells: 6/6 levels left

rFire   . . .      SeeInvis .   (weapon currently unavailable)
rCold   . . .      Faith    .   (shield currently unavailable)
rNeg    . . .      Spirit   .   (body armour currently unavailable)
rPois   .          Reflect  .   (helmet currently unavailable)
rElec   .          Harm     .   (cloak currently unavailable)
rCorr   .          Rampage  .   (gloves currently unavailable)
Will    .....                   (boots currently unavailable)
Stlth   +.........              (no amulet)
HPRegen 0.19/turn               (ring currently unavailable)
MPRegen 0.10/turn               (ring currently unavailable)

@: pig-form, weakened, very quick
A: fast, no casting, small, (horns 2), (retaliatory headbutt)
a: Renounce Religion, Potion Petition, Call Merchant, Bribe Branch


You were on level 5 of the Dungeon.
You worshipped Gozag.
Gozag was aware of your devotion.
You were a filthy swine.
You visited 1 branch of the dungeon, and saw 5 of its levels.

You collected 461 gold pieces.
You spent 224 gold pieces at shops.
You paid 41 gold pieces to Gozag.

Inventory:

Hand Weapons
 a - a +0 war axe (melded)
 y - a +0 broad axe of chaos
 A - a +2 antimagic broad axe
Missiles
 i - 3 poisoned darts
 s - 6 boomerangs
Armour
 b - a +0 scale mail (melded)
 c - a +0 buckler (melded)
Jewellery
 f - the ring of Zeynojuf (melded) {rElec rPois rF+ rCorr Dex-5}
   (You acquired it on level 4 of the Dungeon)

   [ring of protection from fire]

   Dex:       It affects your dexterity (-5).
   rF:        It protects you from fire.
   rElec:     It insulates you from electricity.
   rPois:     It protects you from poison.
   rCorr:     It protects you from acid and corrosion.
Wands
 g - a wand of iceblast (8)
 w - a wand of polymorph (18) (quivered)
Scrolls
 m - a scroll of noise {unknown}
 p - a scroll of amnesia {unknown}
 q - 4 scrolls of immolation
 r - 2 scrolls of teleportation {unknown}
 t - a scroll of blinking {unknown}
 u - a scroll of torment {unknown}
 v - a scroll of magic mapping {unknown}
 x - a scroll of butterflies {unknown}
Potions
 d - 2 potions of might
 e - 2 potions of brilliance
 h - a potion of ambrosia {unknown}
 j - a potion of heal wounds
 k - a potion of lignification {unknown}
 l - a potion of cancellation {unknown}
 n - a potion of curing
 o - 2 potions of mutation {unknown}
 z - a potion of flight {unknown}
 B - 2 potions of magic {unknown}


   Skills:
 - Level 3.6 Fighting
 + Level 10.3 Axes
 - Level 3.6 Armour
 - Level 3.6 Shields


You had 6 spell levels left.
You didn't know any spells.
Your spell library contained the following spells:

 Spells                   Type           Power      Damage    Failure   Level
 Sting                    Tmut/Pois      0%         1d3       47%         1
 Poisonous Vapours        Pois/Air       0%         N/A       63%         2
 Olgreb's Toxic Radiance  Pois           0%         N/A       99%         4


Dungeon Overview and Level Annotations

Branches:
Dungeon (5/15)
 Temple: D:4-7

Altars:
Gozag

Shops:
D:4 *!(


Innate Abilities, Weirdness & Mutations

You are a filthy swine.
You move quickly.
Your equipment is almost entirely melded.
You are incapable of wielding weapons or throwing items.
You cannot cast spells.
((You have a pair of horns on your head.))
((You reflexively headbutt those who attack you in melee.))


Message History

The gnolls pick up the pace!
The gnoll hits you with a +0 club.
You hit the gnoll.
The gnoll is lightly wounded.
The gnoll closely misses you. You block the gnoll's attack.
The gnoll barely misses you.
The gnoll bouda gazes fiercely through you!
You feel your attacks grow feeble.
The gnoll bouda hits you with a +0 club.
Things that are here:
6 gold pieces; a +0 club You hit the gnoll bouda.
You headbutt the gnoll bouda, but do no damage.
The gnoll bouda is lightly wounded.
You hit the gnoll. x2; You block the gnoll's attack.
The gnoll bouda barely misses you. The gnoll hits you with a +0 halberd.
The gnoll hits you from afar with a +0 halberd!
Unknown command.
You hit the gnoll bouda.
You headbutt the gnoll bouda, but do no damage.
The gnoll bouda is moderately wounded.
You hit the gnoll. You barely miss the gnoll.
The gnoll hits you but does no damage. The gnoll hits you with a +0 halberd.
The gnoll bouda calls upon its god to heal the gnoll.
The gnoll's wounds heal themselves!
The gnoll hits you from afar with a +0 halberd!
* * * LOW HITPOINT WARNING * * *
You hit the gnoll bouda. You headbutt the gnoll bouda!
The gnoll bouda is almost dead.
You closely miss the gnoll. You hit the gnoll.
The gnoll hits you with a +0 club.
* * * LOW HITPOINT WARNING * * *
The gnoll barely misses you. You furiously retaliate!
You headbutt the gnoll.
The gnoll bouda zaps a wand.
You turn into a filthy swine.
Your +0 war axe melds into your body.
Your +0 buckler melds into your body.
Your +0 scale mail melds into your body.
The ring of Zeynojuf {rElec rPois rF+ rCorr Dex-5} melds into your body.
The gnoll hits you from afar with a +0 halberd.
You die...
Your body crumbles into a pile of gold.

..# .... ...##.......<.........
.###....
.....#..................
.##....
........................
......#
........................
....#..
............###......... ##..#
............# ##........
...####..............##.##.....
..............gg.........#..##
....###. ......gh......... ..
#....## ........g....##..#
#.....# ................##
......# ................#
..###.###.#.?##........#.#
..#....#..#..####.###..#..
.........##..# ..# ..#
........### .# ... ..#
.......## ##.##...# ..


You could see a gnoll bouda and 3 gnolls.

Vanquished Creatures
  A phantom (D:5)
  A scorpion (D:4)
  A necrophage (D:5)
  A howler monkey (D:4)
  4 hounds
  3 orc priests
  A jelly (D:5)
  Natasha (thrice) (D:4)
  An iguana (D:5)
  5 gnolls
  3 adders
  A shadow imp (D:5)
  A white imp (D:5)
  2 worms
  13 orcs
  9 endoplasms
  2 giant cockroaches
  7 goblins
  6 hobgoblins
  3 quokkas
  4 ball pythons
  7 bats
  4 frilled lizards
  5 kobolds
  5 rats
93 creatures vanquished.

Vanquished Creatures (others)
  12 plants (D:3)
12 creatures vanquished.

Grand Total: 105 creatures vanquished

Notes
Turn   | Place    | Note
-------+----------+-------------------------------------------
     0 | D:1      | bmack86 the Minotaur Fighter began the quest for the Orb.
     0 | D:1      | Reached XP level 1. HP: 19/19 MP: 0/0
    57 | D:1      | Reached skill level 3 in Axes
    61 | D:1      | Reached XP level 2. HP: 12/26 MP: 1/1
   590 | D:1      | Reached skill level 4 in Axes
   849 | D:2      | Found a faded altar of an unknown god.
   959 | D:2      | Reached XP level 3. HP: 31/31 MP: 2/2
  1972 | D:3      | Reached skill level 5 in Axes
  2627 | D:4      | Identified a scroll of acquirement
  2627 | D:4      | Acquired the ring of Zeynojuf {rElec rPois rF+ rCorr Dex-5}
  2684 | D:4      | Reached XP level 4. HP: 32/39 MP: 3/3
  2700 | D:4      | Found an opulent altar of Gozag.
  2703 | D:4      | Became a worshipper of Gozag Ym Sagoz the Greedy
  2953 | D:4      | Found Larauhoi's Antique Weapon Emporium.
  2955 | D:4      | Found Neregum's General Store.
  2955 | D:4      | Found Naiwuwer's Distillery.
  2972 | D:4      | Reached skill level 6 in Axes
  2972 | D:4      | Reached XP level 5. HP: 25/45 MP: 4/4
  3168 | D:4      | Identified the +0 robe "Meath" {Int+4 Stlth+ Archmagi}
  3184 | D:4      | Noticed a lemure
  3184 | D:4      | Noticed Pikel
  3184 | D:4      | Noticed a lemure
  3192 | D:4      | Noticed Pikel
  3192 | D:4      | Pikel changed into Pikel the hornet
  3193 | D:4      | Noticed Pikel
  3193 | D:4      | Pikel the hornet changed into Pikel the bat
  3197 | D:4      | Noticed a lemure
  3201 | D:4      | Killed Pikel the bat
  3529 | D:4      | Reached skill level 7 in Axes
  3739 | D:4      | Reached XP level 6. HP: 42/51 MP: 5/5
  3928 | D:4      | Noticed Natasha
  3939 | D:4      | Killed Natasha
  3940 | D:4      | Reached skill level 8 in Axes
  4235 | D:4      | Noticed Natasha
  4243 | D:4      | Killed Natasha
  4342 | D:4      | Noticed Natasha
  4352 | D:4      | Killed Natasha
  4432 | D:4      | Bought a runed broad axe for 224 gold pieces
  4470 | D:5      | Entered Level 5 of the Dungeon
  4612 | D:5      | Reached skill level 9 in Axes
  4864 | D:5      | Reached XP level 7. HP: 50/57 MP: 6/6
  5163 | D:5      | Reached skill level 10 in Axes
  5256 | D:5      | Slain by a gnoll

Illustrated notes

Levels and vault maps discovered:
D:1:      evilmike_arrival_rings, layout_basic, interstate_on_off
D:2:      layout_loops_ring, ebering_ecumenical_altar_sacrificial,
          minmay_pentomino_o4
D:3:      wad_lake_hut, layout_basic, grunt_decor_mini_mirrors
D:4:      layout_rooms, kennysheep_mini_moat, nicolae_wooded_promenade,
          uniq_pikel, uniq_natasha
D:5:      layout_cave_pools, mainiacjoe_overflow_brackets

Skill      XL: |  1  2  3  4  5  6  7 |
---------------+----------------------+-----
Axes           | 3 4 5 6 7 9 10 | 10.3
Fighting       | |  3.6
Armour         | |  3.6
Shields        | |  3.6

Action                   |  1- 3 |  4- 6 |  7- 9 || total
-------------------------+-------+-------+-------++-------
Melee: War axe           |   111 |    97 |    38 ||   246
       Headbutt          |     9 |     6 |     8 ||    23
Throw: Boomerang         |     3 |       |       ||     3
Evoke: Wand              |       |     2 |       ||     2
  Use: Scroll            |     3 |     2 |     1 ||     6
       Potion            |     1 |     3 |       ||     4
Armor: Scale mail        |    56 |    41 |    13 ||   110
Dodge: Dodged            |    66 |    47 |    18 ||   131
Block: Buckler           |    23 |    14 |     6 ||    43
